 Dungeon Crawl Stone Soup version 0.30-a0-585-g93115170b9 (webtiles) character file.

Game seed: 17818969643960185567

876 OTABOTABOTAB the Insei (level 8, 0/90 HPs)
             Began as a Gnoll Transmuter on Jan 3, 2023.
             Was a Follower of Cheibriados.
             Succumbed to a killer bee's poison
             ... on level 5 of the Dungeon.
             The game lasted 00:08:32 (5286 turns).

OTABOTABOTAB the Insei (Gnoll Transmuter)           Turns: 5286, Time: 00:08:32

Health: 0/90       AC: 24    Str: 14    XL:     8   Next: 4%
Magic:  2/16       EV:  2    Int: 15    God:    Cheibriados [*.....]
Gold:   306        SH:  0    Dex: 17    Spells: 10/18 levels left

rFire   + . .      SeeInvis .      - Unarmed
rCold   + . .      Faith    .    (no shield)
rNeg    . . .      Spirit   .    (body armour currently unavailable)
rPois   +          Reflect  .    (helmet currently unavailable)
rElec   +          Harm     .    (cloak currently unavailable)
rCorr   +          Rampage  .    (gloves currently unavailable)
Will    .....      NoTele   +    (boots currently unavailable)
Stlth   ++                       (no amulet)
HPRegen 0.35/turn                (no ring)
MPRegen 0.15/turn                (no ring)

@: lethally poisoned (0 -> -9), tree-form, resistant, attractive, very slightly
contaminated, very slow
A: stationary, stasis, torment immunity, boosted hp, (fangs 1), strong nose,
distributed training
a: Renounce Religion, Bend Time


You were on level 5 of the Dungeon.
You worshipped Cheibriados.
Cheibriados was aware of your devotion.
You were a tree.
You visited 1 branch of the dungeon, and saw 5 of its levels.

You collected 306 gold pieces.

Inventory:

Hand Weapons
 c - a +0 sling
   (You found it on level 1 of the Dungeon)
 z - a +5 spear
   (You found it on level 4 of the Dungeon)
Missiles
 b - a curare-tipped dart
 i - 5 poisoned darts
 s - 34 stones
 v - 5 boomerangs
Armour
 a - a +0 robe (melded)
 g - a +0 pair of gloves (melded)
   (You found it on level 1 of the Dungeon)
Magical Staves
 y - a staff of death {rN+}
   (You found it on level 3 of the Dungeon)
Jewellery
 e - an amulet of faith
   (You found it on level 5 of the Dungeon)
 m - an amulet of guardian spirit
   (You found it on level 2 of the Dungeon)
Wands
 d - a wand of digging (5)
   (You took it off Eustachio on level 5 of the Dungeon)
 j - a wand of roots (6)
   (You found it on level 2 of the Dungeon)
 t - a wand of quicksilver (5)
   (You found it on level 3 of the Dungeon)
Scrolls
 D - a scroll of blinking {!r}
 E - 4 scrolls of fear
 O - a scroll of silence
 Y - 4 scrolls of teleportation {@r3}
Potions
 B - 3 potions of brilliance
 H - a potion of haste
 I - 2 potions of invisibility
 M - 2 potions of might
 U - 2 potions of mutation {!q}


   Skills:
 + Level 4.0 Fighting
 + Level 3.0 Short Blades
 + Level 3.0 Long Blades
 + Level 3.0 Axes
 + Level 3.0 Maces & Flails
 + Level 3.0 Polearms
 + Level 3.0 Staves
 + Level 3.0 Ranged Weapons
 + Level 3.0 Throwing
 + Level 3.0 Armour
 + Level 5.5 Dodging
 + Level 3.0 Stealth
 + Level 3.0 Shields
 + Level 7.2 Unarmed Combat
 + Level 5.9 Spellcasting
 + Level 2.4 Conjurations
 + Level 2.4 Hexes
 + Level 2.4 Summonings
 + Level 2.4 Necromancy
 + Level 2.4 Translocations
 + Level 4.5 Transmutations
 + Level 2.4 Fire Magic
 + Level 2.4 Ice Magic
 + Level 2.4 Air Magic
 + Level 2.4 Earth Magic
 + Level 2.4 Poison Magic
 + Level 3.3 Invocations
 + Level 3.0 Evocations


You had 10 spell levels left.
You knew the following spells:

 Your Spells              Type           Power      Damage    Failure   Level
a - Beastly Appendage     Tmut           36%        N/A       2%          1
b - Ice Form              Ice/Tmut       14%        N/A       34%         4
c - Spider Form           Tmut/Pois      14%        N/A       11%         3

Your spell library contained the following spells:

 Spells                   Type           Power      Damage    Failure   Level
 Wereblood                Tmut           18%        N/A       3%          2
 Scorch                   Fire           22%        2d6       9%          2
 Sublimation of Blood     Necr           11%        N/A       9%          2
 Petrify                  Tmut/Erth      14%        N/A       34%         4
 Flame Wave               Conj/Fire      11%        2d6       47%         4
 Irradiate                Conj/Tmut      7%         3d14      69%         5
 Summon Cactus Giant      Summ           5%         N/A       100%        6


Dungeon Overview and Level Annotations

Branches:
Dungeon (5/15)
 Temple: D:4-7

Altars:
Cheibriados
Vehumet

Shops:
D:4 =


Innate Abilities, Weirdness & Mutations

You are a tree.
Your roots penetrate the ground, keeping you stationary.
You cannot be teleported.
You are immune to unholy pain and torment.
Your maximum health is greatly increased.
Your equipment is partially melded.
((You have very sharp teeth.))
Your uncanny sense of smell can sniff out nearby items.
Your experience applies equally to all skills.


Message History

You miscast Ice Form.
Nothing appears to happen.
You feel sick. The killer bee misses you. x2
The killer bee completely misses you. The killer bee closely misses you.
You now have 7/15 mp.
The spell is quite dangerous to miscast (36% risk of failure)!
Continue anyway?
You miscast Ice Form.
A chill runs through your body.
You feel sick. The killer bee stings you.
The killer bee stings you but does no damage.
The killer bee barely misses you. x2
You take 9 damage, and have 38/53 hp.
You now have 3/15 mp.
You don't have enough magic to cast this spell.
Okay, then.
You turn into a venomous arachnid creature.
Your +0 pair of gloves melds into your body.
Your +0 robe melds into your body.
You feel sick. The killer bee stings you!
The killer bee stings you but does no damage. x2
The killer bee closely misses you.
An ogre comes into view. It is wielding a +0 giant club.
You take 8 damage, and have 30/53 hp.
You now have 0/15 mp.
You miss the killer bee.
You feel sick. The killer bee stings you. The killer bee closely misses you.
The killer bee stings you.
You are more poisoned.
The killer bee poisons you! The killer bee misses you.
You take 8 damage, and have 22/53 hp.
You barely miss the killer bee.
You feel very sick. The killer bee barely misses you.
The killer bee closely misses you. The killer bee completely misses you.
The killer bee barely misses you.
You take 3 damage, and have 19/53 hp.
You hit the killer bee.
The killer bee is poisoned.
You feel sick. The killer bee misses you. The killer bee closely misses you.
You take 2 damage, and have 17/53 hp.
You completely miss the killer bee.
You feel sick.
The killer bee completely misses you. x3; The killer bee stings you!
* * * LOW HITPOINT WARNING * * *
You take 11 damage, and have 6/53 hp.
MASSIVE DAMAGE!!
You feel better.
The killer bee completely misses you. x3
The killer bee closely misses you.
You regained 12 hp, and now have 18/53 hp.
You bite the killer bee!
You kill the killer bee!
Cheibriados thoroughly appreciates the change of pace.
The killer bee closely misses you. The killer bee stings you!
* * * LOW HITPOINT WARNING * * *
Your Fighting skill increases to level 4!
You take 7 damage, and have 11/54 hp.
You bite the killer bee!
The killer bee looks as sick as possible!
The killer bee closely misses you. The killer bee completely misses you.
The killer bee stings you but does no damage.
The killer bee barely misses you.
You completely miss the killer bee. The killer bee completely misses you.
The killer bee stings you.
* * * LOW HITPOINT WARNING * * *
You are lethally poisoned!
The killer bee poisons you!
You take 5 damage, and have 6/54 hp.
Okay, then.
Unknown command.
It was a potion of attraction.
You feel attractive to monsters.
* * * LOW HITPOINT WARNING * * *
You feel very sick.
You kill the killer bee!
Cheibriados thoroughly appreciates the change of pace.
The killer bee misses you. The killer bee completely misses you.
Your Short Blades skill increases to level 3!
Your Long Blades skill increases to level 3!
Your Axes skill increases to level 3!
Your Maces & Flails skill increases to level 3!
Your Polearms skill increases to level 3!
Your Staves skill increases to level 3!
Your Ranged Weapons skill increases to level 3!
Your Throwing skill increases to level 3!
Your Armour skill increases to level 3!
Your Stealth skill increases to level 3!
Your Shields skill increases to level 3!
Your Evocations skill increases to level 3!
You have reached level 8!
You feel agile.
You take 3 damage, and have 3/60 hp.
Really quaff
P - a potion of lignification {!q}?
Really quaff the potion of lignification?
Your transformation has ended.
Your +0 pair of gloves unmelds from your body.
Your +0 robe unmelds from your body.
You turn into a tree.
Your +0 pair of gloves melds into your body.
Your +0 robe melds into your body.
Your roots penetrate the ground.
* * * LOW HITPOINT WARNING * * *
You feel sick.
The killer bee stings you but does no damage. x2
You now have 3/90 hp.
You closely miss the killer bee.
* * * LOW HITPOINT WARNING * * *
You feel sick.
The killer bee stings you but does no damage. x2
You take 1 damage, and have 2/90 hp.
You feel protected.
You die...

###.......## #..
∆#.. ....... #.#
#.# ...... #.# #.#
.... #.# #.# ...
#.# #.# #O#
#.####.####y#
######.........†♣#
.......)....######
######.###### #.#
#.# #.# #.# #.#
..#


You could see an ogre and a killer bee.

Vanquished Creatures
  Eustachio (D:5)
  An ogre (D:5)
  A phantom (D:5)
  A kobold brigand (D:5)
  A scorpion (D:4)
  A bullfrog (D:5)
  2 killer bees (D:5)
  3 jellies
  An orc priest (D:4)
  3 iguanas (D:4)
  2 adders
  2 worms
  3 dart slugs
  8 orcs
  2 bats
  5 endoplasms
  4 giant cockroaches
  7 goblins
  8 hobgoblins
  2 quokkas (D:3)
  3 ball pythons
  A frilled lizard (D:3)
  15 kobolds
  8 rats
85 creatures vanquished.

Notes
Turn   | Place    | Note
-------+----------+-------------------------------------------
     0 | D:1      | OTABOTABOTAB the Gnoll Transmuter began the quest for the
                  | Orb.
     0 | D:1      | Reached XP level 1. HP: 17/17 MP: 6/6
   196 | D:1      | Reached XP level 2. HP: 8/23 MP: 7/7
   323 | D:1      | Found a faded altar of an unknown god.
   902 | D:2      | Reached skill level 5 in Spellcasting
   902 | D:2      | Reached XP level 3. HP: 27/28 MP: 6/9
   906 | D:2      | Learned a level 3 spell: Spider Form
  1171 | D:2      | Reached skill level 1 in Invocations
  1646 | D:3      | Found a snail-covered altar of Cheibriados.
  1753 | D:3      | Became a worshipper of Cheibriados the Contemplative
  1859 | D:3      | Reached skill level 1 in Short Blades
  1859 | D:3      | Reached skill level 1 in Long Blades
  1859 | D:3      | Reached skill level 1 in Axes
  1859 | D:3      | Reached skill level 1 in Maces & Flails
  1859 | D:3      | Reached skill level 1 in Polearms
  1859 | D:3      | Reached skill level 1 in Staves
  1859 | D:3      | Reached skill level 1 in Ranged Weapons
  1859 | D:3      | Reached skill level 1 in Throwing
  1859 | D:3      | Reached skill level 1 in Armour
  1859 | D:3      | Reached skill level 1 in Stealth
  1859 | D:3      | Reached skill level 1 in Shields
  1859 | D:3      | Reached skill level 1 in Evocations
  1977 | D:3      | Reached XP level 4. HP: 34/34 MP: 9/11
  1982 | D:3      | Learned a level 4 spell: Ice Form
  2242 | D:3      | Found a radiant altar of Vehumet.
  2686 | D:4      | Found Zackuy's Jewellery Boutique.
  2738 | D:4      | Reached skill level 1 in Conjurations
  2738 | D:4      | Reached skill level 1 in Hexes
  2738 | D:4      | Reached skill level 1 in Summonings
  2738 | D:4      | Reached skill level 1 in Necromancy
  2738 | D:4      | Reached skill level 1 in Translocations
  2738 | D:4      | Reached skill level 1 in Fire Magic
  2738 | D:4      | Reached skill level 1 in Ice Magic
  2738 | D:4      | Reached skill level 1 in Air Magic
  2738 | D:4      | Reached skill level 1 in Earth Magic
  2738 | D:4      | Reached skill level 1 in Poison Magic
  2744 | D:4      | Reached * piety under Cheibriados
  2752 | D:4      | Reached skill level 3 in Fighting
  2752 | D:4      | Reached XP level 5. HP: 25/41 MP: 8/12
  2835 | D:4      | Reached skill level 4 in Transmutations
  3019 | D:4      | Reached skill level 2 in Invocations
  3019 | D:4      | Reached XP level 6. HP: 47/47 MP: 9/13
  3655 | D:4      | Reached skill level 5 in Dodging
  4472 | D:4      | Reached skill level 2 in Short Blades
  4472 | D:4      | Reached skill level 2 in Long Blades
  4472 | D:4      | Reached skill level 2 in Axes
  4472 | D:4      | Reached skill level 2 in Maces & Flails
  4472 | D:4      | Reached skill level 2 in Polearms
  4472 | D:4      | Reached skill level 2 in Staves
  4472 | D:4      | Reached skill level 2 in Ranged Weapons
  4472 | D:4      | Reached skill level 2 in Throwing
  4472 | D:4      | Reached skill level 2 in Armour
  4472 | D:4      | Reached skill level 2 in Stealth
  4472 | D:4      | Reached skill level 2 in Shields
  4472 | D:4      | Reached skill level 2 in Evocations
  4785 | D:5      | Entered Level 5 of the Dungeon
  4880 | D:5      | Reached skill level 7 in Unarmed Combat
  4880 | D:5      | Reached XP level 7. HP: 52/52 MP: 12/15
  4987 | D:5      | Reached skill level 2 in Conjurations
  4987 | D:5      | Reached skill level 2 in Hexes
  4987 | D:5      | Reached skill level 2 in Summonings
  4987 | D:5      | Reached skill level 2 in Necromancy
  4987 | D:5      | Reached skill level 2 in Translocations
  4987 | D:5      | Reached skill level 2 in Fire Magic
  4987 | D:5      | Reached skill level 2 in Ice Magic
  4987 | D:5      | Reached skill level 2 in Air Magic
  4987 | D:5      | Reached skill level 2 in Earth Magic
  4987 | D:5      | Reached skill level 2 in Poison Magic
  5090 | D:5      | Reached skill level 3 in Invocations
  5187 | D:5      | Noticed Eustachio
  5249 | D:5      | Killed Eustachio
  5278 | D:5      | HP: 6/53 [killer bee (9)]
  5281 | D:5      | Reached skill level 4 in Fighting
  5283 | D:5      | HP: 3/54 [poisoned by a killer bee]
  5284 | D:5      | Reached skill level 3 in Short Blades
  5284 | D:5      | Reached skill level 3 in Long Blades
  5284 | D:5      | Reached skill level 3 in Axes
  5284 | D:5      | Reached skill level 3 in Maces & Flails
  5284 | D:5      | Reached skill level 3 in Polearms
  5284 | D:5      | Reached skill level 3 in Staves
  5284 | D:5      | Reached skill level 3 in Ranged Weapons
  5284 | D:5      | Reached skill level 3 in Throwing
  5284 | D:5      | Reached skill level 3 in Armour
  5284 | D:5      | Reached skill level 3 in Stealth
  5284 | D:5      | Reached skill level 3 in Shields
  5284 | D:5      | Reached skill level 3 in Evocations
  5284 | D:5      | Reached XP level 8. HP: 3/60 MP: 1/16
  5286 | D:5      | Succumbed to a killer bee's poison

Illustrated notes

Levels and vault maps discovered:
D:1:      dpeg_arrival_central, layout_basic, shapermc_ecumenical_altar_gd
D:2:      layout_basic
D:3:      layout_basic, mainiacjoe_overflow_brackets, general_overflow_altar,
          hangedman_abyss_or_decor_lesser_grid, minmay_fractal_squares_5
D:4:      layout_basic, serial_shops, shop
D:5:      layout_loops_ring, gammafunk_ghost_cemetery, uniq_eustachio

Skill      XL: |  1  2  3  4  5  6  7 |
---------------+----------------------+-----
Spellcasting   | 5 |  5.9
Invocations    | 1 2 3 |  3.3
Short Blades   | 1 2 3 |  3.0
Long Blades    | 1 2 3 |  3.0
Axes           | 1 2 3 |  3.0
Maces & Flails | 1 2 3 |  3.0
Polearms       | 1 2 3 |  3.0
Staves         | 1 2 3 |  3.0
Ranged Weapons | 1 2 3 |  3.0
Throwing       | 1 2 3 |  3.0
Armour         | 1 2 3 |  3.0
Stealth        | 1 2 3 |  3.0
Shields        | 1 2 3 |  3.0
Evocations     | 1 2 3 |  3.0
Conjurations   | 1 2 |  2.4
Hexes          | 1 2 |  2.4
Summonings     | 1 2 |  2.4
Necromancy     | 1 2 |  2.4
Translocations | 1 2 |  2.4
Fire Magic     | 1 2 |  2.4
Ice Magic      | 1 2 |  2.4
Air Magic      | 1 2 |  2.4
Earth Magic    | 1 2 |  2.4
Poison Magic   | 1 2 |  2.4
Fighting       | 3 4 |  4.0
Transmutations | 4 |  4.5
Dodging        | 5 |  5.5
Unarmed Combat | 7 |  7.2

Action                   |  1- 3 |  4- 6 |  7- 9 || total
-------------------------+-------+-------+-------++-------
Melee: Unarmed           |    83 |    75 |    25 ||   183
       Bite              |     7 |     1 |       ||     8
       Kick              |    14 |     4 |       ||    18
       Headbutt          |    10 |     2 |       ||    12
       Punch             |     2 |       |       ||     2
Throw: Stone             |     9 |     2 |       ||    11
 Cast: Beastly Appendage |    33 |     3 |       ||    36
       Spider Form       |       |    13 |     5 ||    18
 Abil: End Transformatio |    27 |    11 |     5 ||    43
Evoke: Wand              |       |       |     3 ||     3
  Use: Scroll            |       |    16 |     1 ||    17
       Potion            |       |       |     4 ||     4
 Stab: Sleeping          |     2 |       |       ||     2
Armor: Robe              |    10 |     2 |     2 ||    14
       Skin              |       |     1 |     7 ||     8
Dodge: Dodged            |    42 |    46 |    39 ||   127

Table legend: (Time is in decaauts)
 A = Elapsed time spent in this place.
 B = Non-inter-level travel time spent in this place.
 C = Inter-level travel time spent in this place.
 D = Time resting spent in this place.
 E = Time spent auto-exploring this place.
 F = Levels seen in this place.
 G = Mean time per level.
                   A        B        C        D        E       F      G
               +--------+--------+--------+--------+--------+-----+--------+
         Total |   6153 |   5946 |    207 |    343 |   4871 |   5 | 1230.6 |
       Dungeon |   6153 |   5946 |    207 |    343 |   4871 |   5 | 1230.6 |
               +--------+--------+--------+--------+--------+-----+--------+

Top non-repeatable levels by time:
     D:4: 2712 daAuts
     D:3: 1412 daAuts
     D:1: 888 daAuts
     D:2: 621 daAuts
     D:5: 518 daAuts

Table legend:
 A = Kills in this place as a percentage of kills in entire the game.
 B = Kills by you in this place as a percentage of kills by you in the entire game.
 C = Kills by friends in this place as a percentage of kills by friends in the entire game.
 D = Other kills in this place as a percentage of other kills in the entire game.
 E = Experience gained in this place as a percentage of experience gained in the entire game.
 F = Experience gained in this place divided by the number of levels of this place that you have seen.
                   A       B       C       D       E      F
               +-------+-------+-------+-------+-------+----------------------
         Total | 100.0 | 100.0 |   N/A |   N/A | 100.0 | 250.4
       Dungeon | 100.0 | 100.0 |   N/A |   N/A | 100.0 | 250.4
               +-------+-------+-------+-------+-------+----------------------
